 Dungeon Crawl Stone Soup version 0.29.1-2-gbd0b4ee654 (webtiles) character file.

Game seed: 9146729908964263921

0 Tirrikindir the Magician (level 1, 11/11 HPs)
             Began as an Octopode Hedge Wizard on Oct 24, 2022.
             Was a Follower of Elyvilon.
             Got out of the dungeon alive.
             The game lasted 00:01:00 (68 turns).

Tirrikindir the Magician (Octopode Hedge Wizard)      Turns: 68, Time: 00:01:01

Health: 11/11      AC:  1    Str:  9    XL:     1   Next: 10%
Magic:  4/4        EV: 13    Int: 16    God:    Elyvilon [*.....]
Gold:   0          SH:  0    Dex: 11    Spells: 5/6 levels left

rFire   . . .      SeeInvis .   a - +0 dagger
rCold   . . .      Faith    .   (no shield)
rNeg    . . .      Spirit   .   b - +0 hat
rPois   .          Reflect  .   (no amulet)
rElec   .          Harm     .   (no ring)
rCorr   .          Rampage  .   (no ring)
Will    .....                   (no ring)
Stlth   +++.......              (no ring)
HPRegen 0.03/turn               (no ring)
MPRegen 0.09/turn               (no ring)
                                (no ring)
                                (no ring)

@: no status effects
A: almost no armour, amphibious, 8 rings, camouflage 1, gelatinous body 1,
(nimble swimmer 1), tentacles
a: Renounce Religion, Purification


You escaped.
You worshipped Elyvilon.
Elyvilon was aware of your devotion.
You visited 1 branch of the dungeon, and saw 1 of its levels.

Inventory:

Hand Weapons
 a - a +0 dagger (weapon)
Armour
 b - a +0 hat (worn)
Potions
 c - a potion of magic
 e - a potion of brilliance {unknown}


   Skills:
 + Level 0.0 Fighting
 + Level 2.0 Dodging
 + Level 2.7 Stealth
 * Level 3.0 Spellcasting
 + Level 1.0 Conjurations
 + Level 1.0 Summonings
 + Level 1.0 Translocations


You had 5 spell levels left.
You knew the following spells:

 Your Spells              Type           Power      Damage    Failure   Level
a - Magic Dart            Conj           20%        1d4       12%         1

Your spell library contained the following spells:

 Spells                   Type           Power      Damage    Failure   Level
 Slow                     Hex            8%         N/A       19%         1
 Blink                    Tloc           10%        N/A       19%         2
 Call Imp                 Summ           5%         N/A       19%         2
 Conjure Flame            Conj/Fire      4%         6-21      41%         3
 Mephitic Cloud           Conj/Pois/Air  3%         N/A       43%         3


Dungeon Overview and Level Annotations

Branches:
Dungeon (1/15)

Altars:
Elyvilon


Innate Abilities, Weirdness & Mutations

You cannot wear most types of armour.
You are amphibious.
You can wear up to eight rings at the same time.
Your skin changes colour to match your surroundings (Stealth+).
Your rubbery body absorbs attacks. (AC +1, EV +1)
((You are camouflaged when in or above water. (Stealth+)))
You have tentacles for arms and can constrict up to eight enemies at once.


Message History

Welcome, Tirrikindir the Octopode Hedge Wizard.
A smirking vizier told you that the Orb of Zot is just within this dungeon.
Press ? for a list of commands and other information.
Found a hand axe.
Found a staircase leading out of the dungeon.
Okay, then.
Okay, then.
Found a brown potion.
You see here a +0 hand axe.
d - a +0 hand axe (weapon)
A rat comes into view.
You see here a brown potion.
e - a brown potion The rat misses you.
You hit the rat.
You kill the rat!
You see here a rat corpse.
You drop a brown potion.
e - a brown potion You are now empty-tentacled.
You drop a +0 hand axe.
a - a +0 dagger (weapon)
Found a faded altar of an unknown god.
There is a faded altar of an unknown god here.
You cannot tell which god this altar belongs to.
Convert to them anyway?
Elyvilon accepts your prayer! Elyvilon welcomes you!
You can now purify yourself.
(D) Dungeon
Where to? (? - help)
What level of the Dungeon? (default 1, ? - help)
A frilled lizard comes into view.
A bat comes into view.
(D) Dungeon
Where to? (Enter - D:1 @ (x,y), ? - help)
You see here a +0 hand axe.
There is a staircase leading out of the dungeon here.
Are you sure you want to leave the Dungeon?
This will make you lose the game!
You have escaped!

#....... ##
###......# .#
...#.... ..#
#....^ .. #...##
#.## ###...# ..# .
##..)..## #.#
b##...#.†.## ###.#
.##.#.##...###..@#
.##...###.......##
.###.## ###...###
.#.#.## #####
.#.#..#
......#####.#
............#
##.##.#######
##.##.#


There were no monsters in sight!

Vanquished Creatures
  A rat (D:1)
1 creature vanquished.

Notes
Turn   | Place    | Note
-------+----------+-------------------------------------------
     0 | D:1      | Tirrikindir the Octopode Hedge Wizard began the quest for
                  | the Orb.
     0 | D:1      | Reached XP level 1. HP: 11/11 MP: 4/4
    34 | D:1      | Found a faded altar of an unknown god.
    41 | D:1      | Prayed at the altar of an unknown god.
    41 | D:1      | Became a worshipper of Elyvilon the Healer
    41 | D:1      | Reached * piety under Elyvilon
    68 | D:$      | Got out of the dungeon alive.

Illustrated notes

Levels and vault maps discovered:
D:1:      dpeg_arrival_round_b, layout_loops_ring,
          ebering_ecumenical_altar_mist, serial_shops, nicolae_shop_statue_plus,
          nicolae_shop_window_shopping, nicolae_square_shop, shop

Action                   || total
-------------------------++-------
Melee: Hand axe          ||     1
Dodge: Dodged            ||     1
